 Dungeon Crawl Stone Soup version 0.20-a0-553-g9f38e11 (console) character file.

186 nht the Insei (level 5, -2/40 HPs)
             Began as a Draconian Transmuter on Feb 3, 2017.
             Was an Initiate of Ru.
             Slain by Graouh's ghost (14 damage)
             ... on level 4 of the Dungeon.
             The game lasted 00:03:34 (2340 turns).

nht the Insei (Draconian Transmuter)                Turns: 2340, Time: 00:03:35

Health: -2/40      AC:  2    Str: 12    XL:     5   Next: 38%
Magic:  0/8        EV: 25    Int: 14    God:    Ru [......]
Gold:   108        SH:  0    Dex: 22    Spells: 4/8 levels left

rFire    . . .     SeeInvis .     - Unarmed
rCold    . . .     Gourm    .   (armour unavailable)
rNeg     . . .     Faith    .   (shield currently unavailable)
rPois    x         Spirit   +   (helmet currently unavailable)
rElec    .         Reflect  .   (cloak currently unavailable)
rCorr    .         Harm     .   (gloves currently unavailable)
MR       .....                  (boots currently unavailable)
Stlth    +++.......             m - amulet of guardian spirit
Regen    0.2/turn               (no ring)
                                (no ring)

@: agile, spider-form (expiring)
A: unfitting armour, (cold-blooded), AC +5
a: End Transformation, Renounce Religion


You were on level 4 of the Dungeon.
You worshipped Ru.
Ru was noncommittal.
You were not hungry.
You were a venomous arachnid creature.
You visited 1 branch of the dungeon, and saw 4 of its levels.

You collected 108 gold pieces.

Inventory:

Missiles
 a - 37 arrows
Armour
 n - a +0 pair of gloves (melded)
Jewellery
 m - an amulet of guardian spirit (around neck)
Scrolls
 e - 2 scrolls of remove curse {unknown}
 g - a scroll of enchant armour {unknown}
 h - 3 scrolls of identify {unknown}
 k - a scroll of teleportation {unknown}
 l - 3 scrolls of enchant weapon {unknown}
Potions
 j - 2 potions of curing {unknown}
Books
 b - a book of Changes

   Spells                             Type                      Level
   a - Beastly Appendage              Transmutation                1
   b - Sticks to Snakes               Transmutation                2
   c - Spider Form                    Transmutation/Poison         3
   d - Ice Form                       Ice/Transmutation            4
   e - Blade Hands                    Transmutation                5
 i - a book of Maledictions

   Spells                             Type                      Level
   a - Corona                         Hexes                        1
   b - Ensorcelled Hibernation        Hexes/Ice                    2
   c - Confuse                        Hexes                        3
   d - Tukima's Dance                 Hexes                        3
   e - Dazzling Spray                 Conjuration/Hexes            3
Comestibles
 c - 4 bread rations


   Skills:
 - Level 1.1 Fighting
 - Level 1.7 Dodging
 * Level 5.4 Unarmed Combat
 - Level 2.0 Spellcasting
 + Level 3.4 Transmutations


You had 4 spell levels left.
You knew the following spells:

 Your Spells              Type           Power        Failure   Level  Hunger
a - Beastly Appendage     Tmut           ##....       24%         1    ##.....
b - Spider Form           Tmut/Pois      #.........   61%         3    ####...


Dungeon Overview and Level Annotations

Branches:
Dungeon (4/15)
 Temple: D:4-7

Altars:
Okawaru
Ru

Annotations:
D:4 Graouh's ghost, amateur MiFi


Innate Abilities, Weirdness & Mutations

((Your plain brown scales are hard. (AC +5)))
You cannot fit into any form of body armour.
((You are cold-blooded and may be slowed by cold attacks.))


Message History

Graouh's ghost is severely damaged.
Graouh's ghost barely misses you.
You completely miss Graouh's ghost.
Graouh's ghost is severely damaged.
Graouh's ghost barely misses you.
You hit Graouh's ghost but do no damage.
Graouh's ghost is severely damaged.
Graouh's ghost hits you.
You hit Graouh's ghost.
Graouh's ghost is severely damaged.
Graouh's ghost hits you!!
* * * LOW HITPOINT WARNING * * *
You hit Graouh's ghost but do no damage.
Graouh's ghost is severely damaged.
Your transformation is almost over.
Graouh's ghost completely misses you.
It was a potion of agility.
You feel agile all of a sudden. Graouh's ghost hits you!
You die...

█≈≈ █.█
█≈.██.█
█≈≈█...
█..≈..███
█≈≈≈..█..
█.██≈...█.█
█.......█W█
+.....[<█s█.█
█....██.....█
.....
+..........
....
██....███...
███ █....█ ..
█......
████...█ ...█
...█


You could see Graouh's ghost.

Vanquished Creatures
  A howler monkey (D:3)
  An orc wizard (D:3)
  3 gnolls
  5 adders
  A worm (D:2)
  A dart slug (D:1)
  An orc (D:2)
  A ball python (D:1)
  4 bats
  3 giant cockroaches
  5 goblins
  3 hobgoblins
  4 jackals (D:3)
  2 quokkas
  2 frilled lizards (D:3)
  4 kobolds
  4 rats
45 creatures vanquished.

Vanquished Creatures (others)
  A frilled lizard (D:3)
1 creature vanquished.

Grand Total: 46 creatures vanquished

Notes
Turn   | Place    | Note
-------+----------+-------------------------------------------
     0 | D:1      | nht the Draconian Transmuter began the quest for the Orb.
     0 | D:1      | Reached XP level 1. HP: 16/16 MP: 3/3
   180 | D:1      | Reached XP level 2. HP: 22/23 MP: 5/5
   672 | D:2      | Reached XP level 3. HP: 28/28 MP: 6/6
   709 | D:2      | Reached skill level 4 in Unarmed Combat
  1044 | D:2      | Reached XP level 4. HP: 21/35 MP: 7/7
  1064 | D:2      | Found an iron altar of Okawaru.
  1206 | D:2      | Learned a level 3 spell: Spider Form
  1850 | D:3      | Reached skill level 5 in Unarmed Combat
  1850 | D:3      | Reached XP level 5. HP: 40/40 MP: 4/8
  1986 | D:3      | Found a sacrificial altar of Ru.
  2022 | D:3      | Became a worshipper of Ru the Awakened
  2311 | D:4      | Noticed Graouh's ghost (amateur MiFi)
  2340 | D:4      | Slain by Graouh's ghost

Vault maps used:
D:1:      dpeg_arrival_tiny_i, minivault_5, minivault_11
D:2:      okawaru_altar_gauntlet_db
D:3:      first_bread, nicolae_ru_great_annihilating_truth
D:4:      lemuel_blue_sif_altar, temple_hall_moat, gup_sewer_entry_pipe,
          uniq_eustachio, uniq_grinder

Skill      XL: |  1  2  3  4 |
---------------+-------------+-----
Unarmed Combat | 4 5 |  5.4
Transmutations | 3 |  3.4
Fighting       | |  1.1
Dodging        | |  1.7
Spellcasting   | |  2.0

Action                   |  1- 3 |  4- 6 || total
-------------------------+-------+-------++-------
Melee: Unarmed           |    87 |   109 ||   196
       Tailslap          |     9 |     5 ||    14
       Punch             |     1 |     1 ||     2
       Kick              |     5 |     8 ||    13
 Cast: Beastly Appendage |     2 |     4 ||     6
       Spider Form       |       |     4 ||     4
  Use: Potion            |     1 |     1 ||     2
  Eat: Chunk             |       |     5 ||     5
Armor: Skin              |    31 |    21 ||    52
Dodge: Dodged            |    66 |    71 ||   137
